 Dungeon Crawl Stone Soup version 0.28-a0-998-gb9e9c7b67e (webtiles) character file.

Game seed: 2667066229096620745

1689 Umoon the Skirmisher (level 8, 0/67 HPs)
             Began as a Demonspawn Gladiator on Dec 6, 2021.
             Was a Follower of Qazlal.
             Slain by a gnoll shaman (6 damage)
             ... in a bailey.
             The game lasted 00:11:50 (8315 turns).

Umoon the Skirmisher (Demonspawn Gladiator)         Turns: 8315, Time: 00:11:51

Health: 0/67       AC: 10    Str: 19 (20) XL:     8   Next: 71%
Magic:  11/11      EV: 13    Int:  7 (8)  God:    Qazlal [*.....]
Gold:   275        SH: 11    Dex: 16 (18) Spells: 7/7 levels left

rFire   . . .      SeeInvis .   D - +5 spear "Wociwaxo" {drain, rPois rN+ Str+3}
rCold   . . .      Faith    .   y - +0 buckler
rNeg    + . .      Spirit   .   n - +0 ring mail
rPois   +          Reflect  +   (helmet restricted)
rElec   .          Harm     .   E - +0 cloak {Stlth+}
rCorr   .          Rampage  .   z - +0 pair of gloves
Will    .....                   (no boots)
Stlth   ++........              C - amulet of reflection
HPRegen 0.21/turn               A - ring of poison resistance
MPRegen 0.12/turn               (no ring)

@: mighty, invisible (expiring)
A: horns 2, rugged brown scales 2, ignite blood 2, agile 2, dopey 1
a: Renounce Religion


You were in a bailey.
You worshipped Qazlal.
Qazlal was aware of your devotion.
You visited 2 branches of the dungeon, and saw 8 of its levels.
You also visited: Bailey.

You collected 275 gold pieces.

Inventory:

Hand Weapons
 r - a +2 dagger of venom
 D - the +5 spear "Wociwaxo" (weapon) {drain, rPois rN+ Str+3}
   (You found it on level 6 of the Dungeon)

   A truly terrible weapon, it drains the life of any living foe it strikes.
   Str:       It affects your strength (+3).
   rPois:     It protects you from poison.
   rN:        It protects you from negative energy.
Missiles
 c - 7 throwing nets (quivered)
Armour
 a - a +0 leather armour
 b - a +0 helmet
 j - a +0 cloak
 n - a +0 ring mail (worn)
 y - a +0 buckler (worn)
 z - a +0 pair of gloves (worn)
 E - a +0 cloak of stealth (worn)
Jewellery
 x - an amulet of magic regeneration
 A - a ring of poison resistance (left hand)
 C - an amulet of reflection (around neck)
Wands
 k - a wand of flame (5)
 u - a wand of digging (4)
Scrolls
 d - 2 scrolls of noise
 e - 2 scrolls of fear {unknown}
 g - 4 scrolls of identify {unknown}
 h - 2 scrolls of teleportation {unknown}
 i - a scroll of blinking
 m - a scroll of amnesia {unknown}
 q - 2 scrolls of fog {unknown}
 t - a scroll of magic mapping {unknown}


   Skills:
 + Level 5.8 Fighting
 + Level 1.5 Polearms
 - Level 1.7 Throwing
 + Level 4.9 Armour
 + Level 5.7 Dodging
 + Level 1.8 Shields
 - Level 3.3 Unarmed Combat
 * Level 5.0 Invocations


You had 7 spell levels left.
You didn't know any spells.
Your spell library contained the following spells:

 Spells                   Type           Power      Damage    Failure   Level
 Beastly Appendage        Tmut           0%         N/A       71%         1
 Wereblood                Tmut           0%         N/A       83%         2
 Spider Form              Tmut/Pois      0%         N/A       97%         3


Dungeon Overview and Level Annotations

Branches:
Dungeon (7/15)             Temple (1/1) D:4          Bailey (1/1)

Altars:
Cheibriados
Elyvilon
Fedhas
Gozag
Hepliaklqana
Kikubaaqudgha
Makhleb
Nemelex Xobeh
Qazlal
Trog
Vehumet
Xom
Yredelemnul
Zin
The Shining One

Shops:
D:6 *


Innate Abilities, Weirdness & Mutations

You have a pair of horns on your head.
You are mostly covered in rugged brown scales. (AC +2, +5% HP)
Your demonic aura often causes spilled blood to erupt in flames.
You are very agile. (Dex +4)
You are dopey. (Int -2)


Message History

The gnoll sergeant barely misses you. The gnoll sergeant closely misses you.
There is an open door, spattered with blood here.
You close the door.
A gnoll sergeant breaks down the door.
You block the gnoll sergeant's attack.
The gnoll throws a throwing net.
The throwing net barely misses you. You block the gnoll sergeant's attack.
The gnoll sergeant closely misses you.
The gnoll shaman calls upon its god to heal the gnoll sergeant.
The gnoll sergeant's wounds heal themselves!
The gnoll closely misses you.
There is an open gate here.
The gnoll sergeant misses you. The gnoll sergeant barely misses you.
You block the gnoll sergeant's attack. You block the gnoll sergeant's attack.
The gnoll sergeant is no longer moving quickly.
You block the gnoll sergeant's attack. x2
Okay, then.
You flicker for a moment.
The gnoll sergeant hits you from afar with a +0 halberd.
* * * LOW HITPOINT WARNING * * *
The gnoll sergeant is no longer moving quickly.
The gnoll sergeant hits you with a +0 glaive!
* * * LOW HITPOINT WARNING * * *
The gnoll sergeant closely misses you. The gnoll sergeant barely misses you.
Unknown command.
You puncture the gnoll sergeant! You headbutt the gnoll sergeant.
The gnoll sergeant is heavily wounded.
The gnoll sergeant misses you.
The gnoll shaman mumbles some strange prayers to its god against you.
The gnoll shaman is outlined in light.
Unknown command.
You hit the gnoll sergeant but do no damage.
You headbutt the gnoll sergeant, but do no damage.
The gnoll sergeant is heavily wounded.
The gnoll is no longer moving quickly.
You block the gnoll's attack. You block the gnoll shaman's attack.
You block the gnoll's attack.
The gnoll sergeant closely misses you. x2
It was a potion of might.
You feel very mighty all of a sudden.
The gnoll shaman hits you from afar with a +0 trident.
You die...

#∩..∩...).)'...')..8...'.)..
#♣♣♣...).).'...#)..g...#....
♣♣...≈..######.....###+##
♣♣..≈..# ##...## ♣..≈..#
##### ♣..≈.g# ♣♣.≈gg#
♣.≈.g### ♣♣≈≈g@°#
♣♣≈≈≈≈≈≈≈≈≈≈≈ ♣♣♣♣♣♣♣♣♣♣♣♣


You could see 2 gnoll sergeants, 2 gnoll shamans and a gnoll.

Vanquished Creatures
  Grinder (D:4)
  A water moccasin (D:6)
  A black bear (D:4)
  An ice beast (D:3)
  A necrophage (D:3)
  A sky beast (D:5)
  3 gnoll sergeants (Bailey)
  A centaur zombie (D:6)
  A howler monkey (D:4)
  3 jellies
  A bullfrog skeleton (D:5)
  2 orc priests
  Crazy Yiuf (D:6)
  2 gnoll shamans (Bailey)
  2 hounds (Bailey)
  A centaur skeleton (D:4)
  Natasha (D:4)
  An iguana (D:5)
  13 gnolls
  10 adders
  2 white imps
  2 ufetubi (D:4)
  An adder zombie (D:5)
  3 worms (D:2)
  2 dart slugs
  12 orcs
  7 ball pythons
  8 endoplasms
  3 giant cockroaches
  8 goblins
  5 hobgoblins
  3 jackals (D:1)
  8 kobolds
  3 quokkas
  8 bats
  A frilled lizard (D:5)
  6 rats
130 creatures vanquished.

Notes
Turn   | Place    | Note
-------+----------+-------------------------------------------
     0 | D:1      | Umoon the Demonspawn Gladiator began the quest for the Orb.
     0 | D:1      | Reached XP level 1. HP: 16/16 MP: 1/1
   404 | D:1      | Gained mutation: Your demonic aura sometimes causes spilled
                  | blood to erupt in flames. [demonic ancestry]
   404 | D:1      | Reached XP level 2. HP: 13/22 MP: 2/2
   811 | D:1      | Reached skill level 1 in Armour
  1397 | D:2      | Reached XP level 3. HP: 24/28 MP: 3/3
  2195 | D:2      | Found a snail-covered altar of Cheibriados.
  2207 | D:2      | Gained mutation: You have a pair of small horns on your
                  | head. [demonic ancestry]
  2207 | D:2      | Reached XP level 4. HP: 32/34 MP: 4/4
  2809 | D:3      | Found a faded altar of an unknown god.
  2895 | D:3      | Noticed a necrophage
  2909 | D:3      | Killed a necrophage
  2910 | D:3      | Gained mutation: You are partially covered in rugged brown
                  | scales. (AC +1, +3% HP) [demonic ancestry]
  2910 | D:3      | Reached XP level 5. HP: 29/42 MP: 5/5
  3005 | D:3      | Noticed an ice beast
  3043 | D:3      | Killed an ice beast
  3044 | D:3      | Gained mutation: Your demonic aura often causes spilled
                  | blood to erupt in flames. [demonic ancestry]
  3044 | D:3      | Reached XP level 6. HP: 39/49 MP: 6/6
  4178 | D:4      | Noticed Natasha
  4185 | D:4      | Killed Natasha
  4352 | D:4      | Noticed Grinder
  4375 | D:4      | Killed Grinder
  4376 | D:4      | Gained mutation: You have a pair of horns on your head.
                  | [demonic ancestry]
  4376 | D:4      | Reached XP level 7. HP: 10/56 MP: 7/7
  4797 | D:4      | Reached skill level 5 in Fighting
  4797 | D:4      | Reached skill level 5 in Dodging
  4957 | D:4      | Found a staircase to the Ecumenical Temple.
  4988 | Temple   | Entered the Ecumenical Temple
  5249 | Temple   | Became a worshipper of Qazlal Stormbringer
  5579 | D:5      | Entered Level 5 of the Dungeon
  5693 | D:5      | Reached skill level 1 in Invocations
  5714 | D:5      | Found a bloodstained altar of Trog.
  6238 | D:5      | Gained mutation: You are mostly covered in rugged brown
                  | scales. (AC +2, +5% HP) [demonic ancestry]
  6238 | D:5      | Reached XP level 8. HP: 20/65 MP: 9/9
  7171 | D:6      | Found Gefaley's Elemental Accessories.
  7396 | D:6      | Found a runed translucent door.
  7397 | D:6      | Noticed Crazy Yiuf
  7587 | D:6      | Identified the +5 spear "Wociwaxo" {drain, rPois rN+ Str+3}
  7628 | D:6      | Killed Crazy Yiuf
  7764 | D:7      | Reached skill level 1 in Shields
  7790 | D:7      | Found a flagged portal.
  7806 | Bailey   | Entered a bailey
  7813 | Bailey   | Reached * piety under Qazlal
  7842 | Bailey   | Reached skill level 1 in Polearms
  7866 | Bailey   | Gained mutation: You are dopey. (Int -2) [potion of
                  | mutation]
  7866 | Bailey   | Gained mutation: You are agile. (Dex +2) [potion of
                  | mutation]
  7866 | Bailey   | Gained mutation: You are very agile. (Dex +4) [potion of
                  | mutation]
  8265 | Bailey   | Reached skill level 5 in Invocations
  8315 | Bailey   | Slain by a gnoll shaman

Illustrated notes

Levels and vault maps discovered:
D:1:      nzn_arrival_settlement, layout_basic
D:2:      layout_loops_cross, basic_altar, st_stairs_1, dk_noncrumbling_3
D:3:      layout_basic, chequers_ecumenical_altar_island
D:4:      layout_loops_cross, minmay_temple_entry_trees, uniq_grinder,
          uniq_natasha
D:5:      layout_loops_corners, trog_butcher_becter
D:6:      layout_rooms, nicolae_elemental_shop, skrybe_limestone_x,
          minmay_liquid_box, uniq_crazy_yiuf_cottage
D:7:      layout_basic, mainiacjoe_overflow_concentric_impassable,
          lightli_bailey_entry_fortress, hangedman_decor_slide_cut,
          kennysheep_generic_room_12, uniq_maggie, uniq_prince_ribbit1,
          uniq_harold
Temple:   minmay_temple_curvy_branch
Bailey:   bailey_polearm_gnolls_kennysheep, bailey

Skill      XL: |  1  2  3  4  5  6  7  8 |
---------------+-------------------------+-----
Dodging        | 3 4 5 |  5.7
Armour         | 1 2 3 4 |  4.9
Unarmed Combat | 3 |  3.3
Fighting       | 3 4 5 |  5.8
Invocations    | 2 5 |  5.0
Shields        | 1 |  1.8
Polearms       | 1 |  1.5
Throwing       | |  1.7

Action                   |  1- 3 |  4- 6 |  7- 9 || total
-------------------------+-------+-------+-------++-------
Melee: Unarmed           |   157 |   111 |       ||   268
       Punch             |     4 |     2 |     1 ||     7
       Headbutt          |       |    35 |    44 ||    79
       Dagger            |       |    50 |   118 ||   168
       Spear             |       |       |    88 ||    88
Evoke: Wand              |       |       |     2 ||     2
  Use: Scroll            |       |     2 |       ||     2
       Potion            |       |     1 |     8 ||     9
 Stab: Sleeping          |     1 |       |       ||     1
Armor: Leather armour    |    45 |     3 |       ||    48
       Ring mail         |       |    48 |    66 ||   114
Dodge: Dodged            |    95 |    91 |   114 ||   300
Block: Buckler           |       |       |    74 ||    74
       Reflection        |       |       |     3 ||     3

Table legend: (Time is in decaauts)
 A = Elapsed time spent in this place.
 B = Non-inter-level travel time spent in this place.
 C = Inter-level travel time spent in this place.
 D = Time resting spent in this place.
 E = Time spent auto-exploring this place.
 F = Levels seen in this place.
 G = Mean time per level.
                   A        B        C        D        E       F      G
               +--------+--------+--------+--------+--------+-----+--------+
         Total |   8311 |   7998 |    313 |   1274 |   5335 |   9 |  923.4 |
       Dungeon |   7511 |   7223 |    288 |   1024 |   5149 |   7 | 1073.0 |
        Temple |    286 |    261 |     25 |      0 |     97 |   1 |  286.0 |
        Bailey |    513 |    513 |      0 |    250 |     89 |   1 |  513.0 |
               +--------+--------+--------+--------+--------+-----+--------+

Top non-repeatable levels by time:
     D:4: 1487 daAuts
     D:5: 1479 daAuts
     D:2: 1443 daAuts
     D:1: 1319 daAuts
     D:3: 1028 daAuts
     D:6: 675 daAuts
  Bailey: 513 daAuts
  Temple: 286 daAuts
     D:7: 77 daAuts
